 Dungeon Crawl Stone Soup version bcrawl-1.12-8-g964540c432 (webtiles) character file.

Game seed: 1068394601224654795

1040 MisterOstroum the Shooter (level 8, 0/55 HPs)
             Began as a Dusk Walker Archaeologist on June 5, 2019.
             Was a Follower of Nemelex Xobeh.
             Slain by an ice beast (6 damage)
             ... on level 6 of the Dungeon.
             The game lasted 00:13:12 (4770 turns).

MisterOstroum the Shooter (DWAc)                    Turns: 4770, Time: 00:13:12

Health: 0/55       AC: 13    Str: 11    XL:     8   Next: 4%
Magic:  8/8        EV:  3    Int: 16    God:    Nemelex Xobeh [*.....]
Gold:   421        SH:  0    Dex: 13    Spells: 7/7 levels left

rFire    . . .     SeeInvis .   f - +7 longbow "Piercer" {penet, EV-2}
rCold    . . .     Gourm    .   (shield currently unavailable)
rNeg     . . .     Faith    .   z - +0 chain mail
rPois    .         Spirit   .   b - +1 hat
rElec    .         Reflect  .   (no cloak)
rCorr    .         Harm     .   d - +1 pair of gloves
MR       +....                  c - +1 pair of boots
Stlth    ++........             (no amulet)
HPRegen  0.18/turn              (no ring)
MPRegen  0.11/turn              (no ring)

@: no status effects
A: draining touch, unencumbered stealth, fangs 3, nightstalker 1
a: Draw Escape, Draw Destruction, Draw Summoning, Renounce Religion


You were on level 6 of the Dungeon.
You worshipped Nemelex Xobeh.
Nemelex Xobeh was aware of your devotion.
You were not hungry.

You visited 1 branch of the dungeon, and saw 6 of its levels.

You collected 493 gold pieces.
You spent 72 gold pieces at shops.

Inventory:

Hand Weapons
 f - the +7 longbow "Piercer" (weapon) {penet, EV-2} Ammo fired by it will pass through the targets it hits, potentially hitting all targets in its path until it reaches maximum range. It affects your evasion (-2).
 l - a +0 hand axe
 o - a +1 dagger of venom
 p - a +0 short sword
Missiles
 i - 887 stones
 s - 65 javelins
 x - 1032 arrows (quivered)
Armour
 b - a +1 hat (worn)
 c - a +1 pair of boots (worn)
 d - a +1 pair of gloves (worn)
 z - a +0 chain mail (worn)
 A - a +2 robe of fire resistance
 C - a cursed -1 pair of gloves
Jewellery
 G - an uncursed ring of positive energy {unknown}
Scrolls
 g - a scroll of fog {unknown}
 m - 6 scrolls of remove curse {unknown}
 n - 3 scrolls of teleportation {unknown}
 r - 8 scrolls of identify {unknown}
 u - 2 scrolls of fear {unknown}
 w - 2 scrolls of amnesia {unknown}
 y - 2 scrolls of immolation {unknown}
 E - a scroll of blinking {unknown}
 F - a scroll of magic mapping {unknown}
 H - a scroll of vulnerability {unknown}
 I - a scroll of noise {unknown}
Potions
 a - 2 potions of ambrosia {unknown}
 h - 2 potions of magic {unknown}
 j - a potion of might {unknown}
 k - a potion of curing {unknown}
 q - 5 potions of heal wounds {unknown}
 t - 2 potions of mutation {unknown}
 v - a potion of brilliance {unknown}
 D - 2 potions of agility {unknown}
 J - a potion of flight {unknown}
 K - a potion of cancellation {unknown}
 L - a potion of degeneration {unknown}
Comestibles
 e - 7 rations {!d}


   Skills:
 + Level 5.1 Fighting
 * Level 7.0 Bows
 - Level 3.0 Dodging
 - Level 5.0 Stealth


You had 7 spell levels left.
You didn't know any spells.
Your spell library was empty.

Dungeon Overview and Level Annotations

Branches:
Dungeon (6/12)
 Temple: D:4-7

Altars:
Ashenzari
Nemelex Xobeh

Shops:
D:4 *


Innate Abilities, Weirdness & Mutations

Your attacks drain your enemies.
You move stealthily even while encumbered by armour.
You have razor-sharp teeth.
You are slightly more attuned to the shadows.


Message History

L - a cyan potion
n - 3 scrolls labeled BOV ZUITHRUIJ (gained 1)
You open the door.
Found a stone staircase leading down.
There is an open door here.
There is an open door here.
There is an escape hatch in the floor here.
All of the chunks of flesh in your inventory have rotted away.
There is an open door here.
There is an open door here.
You enter the shallow water.
Moving in this stuff is going to be slow.
There is an open door here.
There is an open door, spattered with blood here.
There is an open door here.
You see here a +0 giant club.
You enter the shallow water.
Moving in this stuff is going to be slow.
You see here a +0 giant club.
There is an open door here.
There is an open door here.
Done exploring.
Done exploring.
(D) Dungeon
Where to? (Enter - D:5, ? - help)
There is an open door here.
There is a stone staircase leading down here.
You climb downwards.
Found a war axe and 75 needles of frenzy.
There is a stone staircase leading up here.
You see here a war axe.
An orc comes into view. It is wielding a +0 flail.
Found a stone staircase leading up.
An orc is nearby!
Firing (i - inventory. (/) - cycle)
x - 1041 arrows (quivered)
Press: ? - help, Shift-Dir - straight line, f - orc
Aim: an orc, wielding a +0 flail (resting)
You shoot an arrow. The arrow pierces through the orc.
The orc shouts!
The orc is severely wounded.
Firing (i - inventory. (/) - cycle)
x - 1040 arrows (quivered)
Press: ? - help, Shift-Dir - straight line, f/p - orc
Aim: an orc, wielding a +0 flail (severely wounded)
You shoot an arrow. The arrow pierces through the orc!
You kill the orc!
No target in view!
No target in view!
An ice beast comes into view.
An ice beast is nearby!
An ice beast is nearby!
Firing (i - inventory. (/) - cycle)
x - 1039 arrows (quivered)
Press: ? - help, Shift-Dir - straight line, f - ice beast
Aim: an ice beast You shoot an arrow.
The arrow pierces through the ice beast!
The ice beast is moderately wounded.
Firing (i - inventory. (/) - cycle)
x - 1038 arrows (quivered)
Press: ? - help, Shift-Dir - straight line, f/p - ice beast
Aim: an ice beast (moderately wounded)
You shoot an arrow.
The arrow pierces through the ice beast!
The ice beast is severely wounded.
Firing (i - inventory. (/) - cycle)
x - 1037 arrows (quivered)
Press: ? - help, Shift-Dir - straight line, f/p - ice beast
Aim: an ice beast (severely wounded)
You shoot an arrow.
The arrow pierces through the ice beast but does no damage.
The ice beast is severely wounded.
The ice beast hits you but does no damage.
Firing (i - inventory. (/) - cycle)
x - 1036 arrows (quivered)
Press: ? - help, Shift-Dir - straight line, f/p - ice beast
Aim: an ice beast (severely wounded)
You shoot an arrow. The arrow barely misses the ice beast.
The ice beast hits you. The ice beast freezes you!
Firing (i - inventory. (/) - cycle)
x - 1035 arrows (quivered)
Press: ? - help, Shift-Dir - straight line, f/p - ice beast
Aim: an ice beast (severely wounded)
You shoot an arrow. The arrow barely misses the ice beast.
The ice beast hits you. The ice beast freezes you!
You are too injured to fight recklessly!
You are too injured to fight recklessly!
Firing (i - inventory. (/) - cycle)
x - 1034 arrows (quivered)
Press: ? - help, Shift-Dir - straight line, f/p - ice beast
Aim: an ice beast (severely wounded)
You shoot an arrow.
The arrow pierces through the ice beast.
The ice beast is severely wounded.
The ice beast hits you but does no damage.
The ice beast hits you. The ice beast freezes you!
* * * LOW HITPOINT WARNING * * *
You draw a card...
You have drawn Velocity.
The ice beast seems to slow down.
Firing (i - inventory. (/) - cycle)
x - 1033 arrows (quivered)
Press: ? - help, Shift-Dir - straight line, f/p - ice beast
Aim: an ice beast (severely wounded, slow)
You shoot an arrow. The arrow barely misses the ice beast.
The ice beast hits you.
* * * LOW HITPOINT WARNING * * *
The ice beast freezes you.
You die...
Your body disappears without a glow.

#...#
#.#.#######
.........#
#.........
#<........
#........
####.@Y..)..
#...........
####...........
#..............
#..#.)......#+#
###..#.#+######
......<......
###..#.#..#..
##.#.#.....


You could see an ice beast.

Vanquished Creatures
  Edmund (D:4)
  A sky beast (D:5)
  3 ogres
  A scorpion (D:5)
  3 crimson imps
  A bullfrog zombie (D:5)
  A gnoll shaman (D:5)
  2 orc wizards (D:4)
  Jessica (D:3)
  2 worker ants
  5 adders
  7 gnolls (D:5)
  2 adder skeletons (D:4)
  An adder zombie (D:5)
  5 worms
  6 dart slugs
  6 leopard geckos
  4 orcs
  3 giant cockroaches
  8 goblins
  9 hobgoblins
  11 jackals
  3 quokkas
  3 ball pythons
  6 bats (D:1)
  4 frilled lizards
  A jackal skeleton (D:5)
  7 kobolds
  A leopard gecko skeleton (D:4)
  4 rats (D:1)
112 creatures vanquished.

Notes
Turn   | Place    | Note
-------+----------+-------------------------------------------
     0 | D:1      | MisterOstroum the Dusk Walker Archaeologist began the quest
                  | for the Orb.
     0 | D:1      | Reached XP level 1. HP: 13/13 MP: 1/1
   107 | D:1      | Reached XP level 2. HP: 14/19 MP: 2/2
   607 | D:1      | Reached XP level 3. HP: 26/26 MP: 3/3
   722 | D:1      | Reached skill level 5 in Stealth
   930 | D:1      | Reached skill level 1 in Bows
  1346 | D:2      | Reached skill level 2 in Bows
  1574 | D:2      | Found a faded altar of an unknown god.
  1720 | D:2      | Gained mutation: You are slightly more attuned to the
                  | shadows. [Dusk Walker growth]
  1720 | D:2      | Reached XP level 4. HP: 31/31 MP: 4/4
  2112 | D:3      | Reached skill level 3 in Bows
  2395 | D:3      | Reached XP level 5. HP: 34/36 MP: 5/5
  2429 | D:3      | Reached skill level 4 in Bows
  2694 | D:3      | Noticed Jessica
  2697 | D:3      | Killed Jessica
  2697 | D:3      | Reached skill level 5 in Bows
  2782 | D:3      | Found a sparkling altar of Nemelex Xobeh.
  2800 | D:3      | Became a worshipper of Nemelex Xobeh the Trickster
  3106 | D:4      | Reached XP level 6. HP: 42/42 MP: 6/6
  3142 | D:4      | Received a gift from Nemelex Xobeh
  3249 | D:4      | Found Ytsiat's Assorted Antiques.
  3255 | D:4      | Bought a scroll labeled INOMIMUPRO for 25 gold pieces
  3255 | D:4      | Bought a scroll labeled QUPSUM CATEOCW for 25 gold pieces
  3255 | D:4      | Bought a black potion for 22 gold pieces
  3268 | D:4      | Noticed Edmund
  3277 | D:4      | Killed Edmund
  3536 | D:4      | Reached skill level 6 in Bows
  3536 | D:4      | Reached XP level 7. HP: 47/47 MP: 7/7
  3648 | D:5      | Entered Level 5 of the Dungeon
  3783 | D:5      | Received a gift from Nemelex Xobeh
  4363 | D:5      | Reached * piety under Nemelex Xobeh
  4408 | D:5      | Reached skill level 5 in Fighting
  4408 | D:5      | Reached skill level 7 in Bows
  4408 | D:5      | Gained mutation: You have razor-sharp teeth. [Dusk Walker
                  | growth]
  4408 | D:5      | Reached XP level 8. HP: 48/55 MP: 8/8
  4488 | D:5      | Found a shattered altar of Ashenzari.
  4770 | D:6      | Slain by an ice beast

Skill      XL: |  1  2  3  4  5  6  7 |
---------------+----------------------+-----
Fighting       | 2 3 5 |  5.1
Stealth        | 5 |  5.0
Bows           | 2 3 5 6 7 |  7.0
Dodging        | |  3.0

Action                   |  1- 3 |  4- 6 |  7- 9 || total
-------------------------+-------+-------+-------++-------
Melee: Unarmed           |    94 |       |       ||    94
       Bite              |    11 |     6 |       ||    17
       Hand axe          |     5 |       |       ||     5
       Dagger            |    59 |   122 |       ||   181
 Fire: Longbow           |       |    29 |    60 ||    89
Throw: Stone             |    51 |    46 |       ||    97
 Abil: Draw Escape       |       |       |     1 ||     1
 Stab: Sleeping          |    13 |     3 |       ||    16
  Eat: Chunk             |     3 |     5 |     4 ||    12
Armor: Robe              |    50 |       |       ||    50
       Chain mail        |       |    61 |    17 ||    78
       Ring mail         |       |     8 |       ||     8
Dodge: Dodged            |   112 |    27 |     1 ||   140
